Sarnia Sailors vs Adelaide Pink Elephants
Created - Wednesday, October 2, 2024 at 08:03
Goals
|
| Sarnia Sailors |
2 |
1 |
1 |
4 |
| Adelaide Pink Elephants |
2 |
2 |
2 |
6 |
|
Shots
|
| Sarnia Sailors |
16 |
17 |
9 |
42 |
| Adelaide Pink Elephants |
10 |
12 |
8 |
30 |
|
1st period
1. Adelaide Pink Elephants , Ryan Suzuki 7 (Ilya Solovyov 4) at 14:36
2. Sarnia Sailors , Brad Lambert 27 (Arthur Kaliyev 47, Vasili Podkolzin 23) at 15:43
3. Sarnia Sailors , Tristen Nielsen 22 (Jesse Puljujarvi 23) at 17:21 (PP)
4. Adelaide Pink Elephants , Fredrik Olofsson 9 (Robin Salo 2, Sean Farrell 12) at 19:04
Penalties :
Adam Ginning (SAR) for Holding (Minor) at 7:18, Ilya Solovyov (APE) for Roughing (Minor) at 16:40
2nd period
5. Adelaide Pink Elephants , Sean Farrell 11 (Akil Thomas 18, Fredrik Olofsson 22) at 10:04 (PP)
6. Sarnia Sailors , Landon Slaggert 10 (Lucas Edmonds 5) at 11:11
7. Adelaide Pink Elephants , Noah Cates 14 (Cal Clutterbuck 23) at 11:15
Penalties :
Vasili Podkolzin (SAR) for Tripping (Minor) at 9:51, Jesse Puljujarvi (SAR) for Hooking (Minor) at 13:20, Declan Chisholm (SAR) for Tripping (Minor) at 19:06
3rd period
8. Sarnia Sailors , Arthur Kaliyev 35 (Brad Lambert 47, Vasili Podkolzin 24) at 7:54
9. Adelaide Pink Elephants , Colton Dach 6 (Ryan Suzuki 9) at 9:32
10. Adelaide Pink Elephants , Cal Clutterbuck 23 (Noah Cates 27, Ben Gleason 2) at 18:59 (Empty Net)
Penalties :
Tristen Nielsen (SAR) for Tripping (Minor) at 10:12
Goalie Stats
Remi Poirier (SAR), 24 saves from 29 shots - (0.828), L, 18-4-0, 59:52 minutes
Antti Raanta (APE), 38 saves from 42 shots - (0.905), W, 8-8-1, 60:00 minutes
Players Stats for Sarnia Sailors
Player Name G A P +/- PIM S H SB GA TA FO MP PP MP PK MP
------------------------------------------------------------------------------------
Adam Erne 0 0 0 -2 0 2 1 1 0 1 0/0 18:37 0:00 4:28
Adam Ginning 0 0 0 -1 2 0 2 1 0 0 0/0 12:55 0:00 0:00
Antti Saarela 0 0 0 1 0 0 3 0 0 0 1/2 8:14 0:00 0:16
Arthur Kaliyev 1 1 2 0 0 11 2 0 1 1 2/4 19:47 0:29 1:27
Brad Lambert 1 1 2 0 0 4 2 1 0 0 18/34 19:40 0:29 1:39
Cole Reinhardt 0 0 0 -1 0 0 2 0 0 0 0/0 12:09 0:12 0:00
Declan Chisholm 0 0 0 -1 2 0 1 2 0 0 0/0 23:57 0:41 3:39
Jack Rathbone 0 0 0 0 0 0 0 0 0 0 0/0 20:48 0:00 2:57
Jamie Drysdale 0 0 0 -2 0 2 3 1 1 0 0/0 27:19 0:41 5:12
Jesse Puljujarvi 0 1 1 -2 2 3 2 0 2 0 1/1 14:02 0:12 0:00
Jett Woo 0 0 0 1 0 1 4 1 0 0 0/0 18:59 0:00 2:57
Landon Slaggert 1 0 1 1 0 3 0 0 0 0 0/0 10:17 0:00 2:14
Logan Morrison 0 0 0 -1 0 3 3 0 0 2 5/12 17:05 0:00 4:34
Lucas Edmonds 0 1 1 1 0 0 1 0 1 0 0/0 8:04 0:00 0:00
Samuel Walker 0 0 0 -1 0 8 0 0 0 0 2/2 11:10 0:00 0:00
Tristen Nielsen 1 0 1 -2 2 2 2 0 1 0 1/5 16:18 0:12 1:40
Tyson Hinds 0 0 0 -1 0 1 1 0 0 0 0/0 14:25 0:00 1:33
Vasili Podkolzin 0 2 2 0 2 2 2 0 0 0 1/1 18:00 0:29 0:00
Players Stats for Adelaide Pink Elephants
Player Name G A P +/- PIM S H SB GA TA FO MP PP MP PK MP
------------------------------------------------------------------------------------
Akil Thomas 0 1 1 -1 0 2 2 0 0 1 3/8 21:58 4:12 0:00
Ben Gleason 0 1 1 1 0 0 0 1 0 0 0/0 13:53 0:00 0:00
Cal Clutterbuck 1 1 2 1 0 3 4 1 0 0 1/7 23:19 3:47 0:26
Colton Dach 1 0 1 1 0 2 2 1 0 1 0/0 15:04 0:00 0:00
Daemon Hunt 0 0 0 1 0 1 2 3 0 0 0/0 25:50 4:03 0:34
Denis Gurianov 0 0 0 1 0 2 0 1 1 1 0/0 19:59 3:51 0:15
Francesco Pinelli 0 0 0 1 0 0 1 0 0 0 0/0 4:12 0:19 0:00
Fredrik Olofsson 1 1 2 0 0 4 1 0 0 0 5/12 18:59 4:09 0:15
Ilya Solovyov 0 1 1 1 2 2 0 0 0 0 0/0 18:58 4:03 0:00
Nick Cicek 0 0 0 1 0 0 2 1 0 0 0/0 13:50 0:00 0:34
Noah Cates 1 1 2 1 0 4 3 1 1 0 14/24 23:32 3:51 0:26
Robin Salo 0 1 1 0 0 2 3 3 0 0 0/0 20:12 4:06 0:07
Ryan Suzuki 1 1 2 1 0 3 3 0 1 1 7/10 16:09 0:00 0:00
Ryder Korczak 0 0 0 0 0 0 0 0 0 0 0/0 2:06 0:06 0:00
Sean Farrell 1 1 2 0 0 3 1 2 0 0 0/0 18:50 4:12 0:00
Tristen Robins 0 0 0 1 0 1 0 0 0 2 0/0 15:04 0:00 0:00
Ville Heinola 0 0 0 0 0 0 0 0 0 0 0/0 7:11 0:00 0:00
William Wallinder 0 0 0 0 0 1 1 1 1 0 0/0 20:12 4:06 0:07
3 Stars
1 - Cal Clutterbuck (APE)
2 - Noah Cates (APE)
3 - Ryan Suzuki (APE)
Power Play
Sarnia Sailors - 1 on 1 Attempt(s) - 100.00%
Adelaide Pink Elephants - 1 on 5 Attempt(s) - 20.00%
Penalty Kill
Sarnia Sailors - 4 on 5 Attempt(s) - 80.00%
- Score 0 goal in Penalty Kill
Adelaide Pink Elephants - 0 on 1 Attempt(s) - 0.00%
- Score 0 goal in Penalty Kill
Team Stat
Sarnia Sailors - Hits : 31 - Faceoff Wins : 31 - Blocked Shots : 7 - Penalty Minutes : 10
Adelaide Pink Elephants - Hits : 25 - Faceoff Wins : 30 - Blocked Shots : 15 - Penalty Minutes : 2
Official
Referees : Trevor Hanson and Ghislain Hebert
Linesman : Scott Cherrey and David Brisebois
Game Notes
5:00 of 2nd period - Sarnia Sailors goal is going for a video replay. After video review, No Goal. The puck has been kicked using a distinct kicking motion.
Cal Clutterbuck has scored in a empty net!
Sarnia Sailors
5 vs 5 Forward
Center Left Wing Right Wing Time % Phy DF OF
1 Brad Lambert Vasili Podkolzin Arthur Kaliyev 40 2 1 2
2 Tristen Nielsen Adam Erne Jesse Puljujarvi 30 2 1 2
3 Logan Morrison Samuel Walker Cole Reinhardt 20 1 2 2
4 Antti Saarela Landon Slaggert Lucas Edmonds 10 2 1 2
5 vs 5 Defense
Defense Defense Time % Phy DF OF
1 Jamie Drysdale Declan Chisholm 40 1 2 2
2 Jett Woo Jack Rathbone 30 2 1 2
3 Tyson Hinds Adam Ginning 20 2 2 1
4 Jamie Drysdale Jack Rathbone 10 1 2 2
PowerPlay Forward
Center Left Wing Right Wing Time % Phy DF OF
1 Brad Lambert Vasili Podkolzin Arthur Kaliyev 60 0 1 4
2 Tristen Nielsen Cole Reinhardt Jesse Puljujarvi 40 0 1 4
PowerPlay Defense
Defense Defense Time % Phy DF OF
1 Jamie Drysdale Declan Chisholm 60 1 1 3
2 Jett Woo Jack Rathbone 40 2 1 2
Penalty Kill 4 Players Forward
Center Wing Time % Phy DF OF
1 Logan Morrison Adam Erne 60 2 2 1
2 Tristen Nielsen Landon Slaggert 40 2 2 1
Penalty Kill 4 Players Defense
Defense Defense Time % Phy DF OF
1 Jamie Drysdale Declan Chisholm 60 2 1 2
2 Jett Woo Jack Rathbone 40 2 2 1
Penalty Kill - 3 Players Forward
Forward Time % Phy DF OF
1 Logan Morrison 60 2 2 1
2 Tristen Nielsen 40 2 2 1
Penalty Kill - 3 Players Defense
Defense Defense Time % Phy DF OF
1 Jamie Drysdale Declan Chisholm 60 2 1 2
2 Jett Woo Jack Rathbone 40 2 2 1
4 vs 4 Forward
Center Wing Time % Phy DF OF
1 Brad Lambert Arthur Kaliyev 60 2 1 2
2 Tristen Nielsen Vasili Podkolzin 40 2 1 2
4 vs 4 Defense
Defense Defense Time % Phy DF OF
1 Jamie Drysdale Declan Chisholm 60 1 2 2
2 Jett Woo Jack Rathbone 40 2 1 2
Last Minutes Offensive
Center Left Wing Right Wing Defense Defense
Brad Lambert Vasili Podkolzin Arthur Kaliyev Jamie Drysdale Jack Rathbone
Last Minutes Defensive
Center Left Wing Right Wing Defense Defense
Brad Lambert Vasili Podkolzin Arthur Kaliyev Jamie Drysdale Jack Rathbone
Goaltenders
Starting : Remi Poirier
Backup : Unknown Goalie
Extra Forwards
Normal : Logan Morrison, Cole Reinhardt, Lucas Edmonds - PP : Logan Morrison, Cole Reinhardt - PK : Logan Morrison
Extra Defensemen
Normal : Tyson Hinds, Adam Ginning, Jamie Drysdale - PP : Tyson Hinds - PK : Tyson Hinds, Adam Ginning
Penalty Shots
Arthur Kaliyev, Jesse Puljujarvi, Adam Erne, Vasili Podkolzin, Samuel Walker
Scratches
Daniel Torgersson (Healthy), Tyler Boucher (Healthy), Zach Uens (Healthy), Rory Kerins (Healthy), Sebastian Cossa (Healthy)
Dylan Ferguson (Healthy)
Adelaide Pink Elephants
5 vs 5 Forward
Center Left Wing Right Wing Time % Phy DF OF
1 Noah Cates Denis Gurianov Cal Clutterbuck 30 1 2 2
2 Fredrik Olofsson Sean Farrell Akil Thomas 30 1 2 2
3 Ryan Suzuki Colton Dach Tristen Robins 25 1 2 2
4 Akil Thomas Cal Clutterbuck Noah Cates 15 1 2 2
5 vs 5 Defense
Defense Defense Time % Phy DF OF
1 Daemon Hunt Ilya Solovyov 30 1 2 2
2 William Wallinder Robin Salo 30 1 2 2
3 Ben Gleason Nick Cicek 25 1 2 2
4 Ville Heinola Daemon Hunt 15 1 2 2
PowerPlay Forward
Center Left Wing Right Wing Time % Phy DF OF
1 Noah Cates Denis Gurianov Cal Clutterbuck 50 1 2 2
2 Fredrik Olofsson Sean Farrell Akil Thomas 50 1 2 2
PowerPlay Defense
Defense Defense Time % Phy DF OF
1 Daemon Hunt Ilya Solovyov 50 1 2 2
2 William Wallinder Robin Salo 50 1 2 2
Penalty Kill 4 Players Forward
Center Wing Time % Phy DF OF
1 Cal Clutterbuck Noah Cates 50 1 2 2
2 Denis Gurianov Fredrik Olofsson 50 1 2 2
Penalty Kill 4 Players Defense
Defense Defense Time % Phy DF OF
1 Daemon Hunt Ilya Solovyov 50 1 2 2
2 William Wallinder Robin Salo 50 1 2 2
Penalty Kill - 3 Players Forward
Forward Time % Phy DF OF
1 Cal Clutterbuck 50 1 2 2
2 Noah Cates 50 1 2 2
Penalty Kill - 3 Players Defense
Defense Defense Time % Phy DF OF
1 Daemon Hunt Ilya Solovyov 50 1 2 2
2 William Wallinder Robin Salo 50 1 2 2
4 vs 4 Forward
Center Wing Time % Phy DF OF
1 Cal Clutterbuck Noah Cates 50 1 2 2
2 Denis Gurianov Fredrik Olofsson 50 1 2 2
4 vs 4 Defense
Defense Defense Time % Phy DF OF
1 Daemon Hunt Ilya Solovyov 50 1 2 2
2 William Wallinder Robin Salo 50 1 2 2
Last Minutes Offensive
Center Left Wing Right Wing Defense Defense
Noah Cates Denis Gurianov Cal Clutterbuck Daemon Hunt Ilya Solovyov
Last Minutes Defensive
Center Left Wing Right Wing Defense Defense
Noah Cates Denis Gurianov Cal Clutterbuck Daemon Hunt Ilya Solovyov
Goaltenders
Starting : Antti Raanta
Backup : Daniel Vladar
Extra Forwards
Normal : Francesco Pinelli, Ryder Korczak, Ryan Suzuki - PP : Francesco Pinelli, Ryder Korczak - PK : Ryan Suzuki
Extra Defensemen
Normal : Ben Gleason, Nick Cicek, Ville Heinola - PP : Ben Gleason - PK : Nick Cicek, Ville Heinola
Penalty Shots
Cal Clutterbuck, Noah Cates, Denis Gurianov, Fredrik Olofsson, Ryan Suzuki
Scratches
Kyle Masters (Healthy), Brett Harrison (Healthy), Jakub Brabenec (Healthy), Philippe Daoust (Healthy), Matthew Murray (Healthy)
% Time on Ice - Sarnia Sailors
Lines # - Real PCT - Wanted PCT - Time Play
Normal Forward
1 - 35% - 40% - 17:50
2 - 27% - 30% - 14:00
3 - 22% - 20% - 11:10
4 - 16% - 10% - 7:58
Normal Defense
1 - 38% - 40% - 19:37
2 - 31% - 30% - 16:02
3 - 25% - 20% - 12:52
4 - 5% - 10% - 2:27
PP Forward
1 - 71% - 60% - 0:29
2 - 29% - 40% - 0:12
PP Defense
1 - 100% - 60% - 0:41
2 - 0% - 40% - 0:00
PK Forward
1 - 73% - 60% - 5:55
2 - 27% - 40% - 2:14
PK Defense
1 - 64% - 60% - 5:12
2 - 36% - 40% - 2:57
PK3 Forward
1 - 0% - 60%
2 - 0% - 40%
PK3 Defense
1 - 0% - 60%
2 - 0% - 40%
44 Forward
1 - 0% - 60%
2 - 0% - 40%
44 Defense
1 - 0% - 60%
2 - 0% - 40%
Last Minute Offensive - 0:12
Last Minute Defensive - 0:00
Total
Forward - 60:00
Defense - 60:00
|
% Time on Ice - Adelaide Pink Elephants
Lines # - Real PCT - Wanted PCT - Time Play
Normal Forward
1 - 30% - 30% - 15:08
2 - 32% - 30% - 16:06
3 - 30% - 25% - 15:04
4 - 9% - 15% - 4:37
Normal Defense
1 - 29% - 30% - 14:56
2 - 31% - 30% - 15:59
3 - 25% - 25% - 12:56
4 - 14% - 15% - 7:04
PP Forward
1 - 48% - 50% - 3:57
2 - 52% - 50% - 4:12
PP Defense
1 - 50% - 50% - 4:03
2 - 50% - 50% - 4:06
PK Forward
1 - 63% - 50% - 0:26
2 - 37% - 50% - 0:15
PK Defense
1 - 83% - 50% - 0:34
2 - 17% - 50% - 0:07
PK3 Forward
1 - 0% - 50%
2 - 0% - 50%
PK3 Defense
1 - 0% - 50%
2 - 0% - 50%
44 Forward
1 - 0% - 50%
2 - 0% - 50%
44 Defense
1 - 0% - 50%
2 - 0% - 50%
Last Minute Offensive - 0:00
Last Minute Defensive - 0:15
Total
Forward - 60:00
Defense - 60:00
|
Play-by-Play
1st period
0:01 of 1st period - Brad Lambert wins face-off versus Noah Cates in neutral zone.
0:16 of 1st period - Vasili Podkolzin is hit by Cal Clutterbuck.
0:56 of 1st period - Snap shot by Samuel Walker.
0:56 of 1st period - Stopped by Antti Raanta with a rebound.
1:10 of 1st period - Wrist shot by Noah Cates.
1:10 of 1st period - Stopped by Remi Poirier with a rebound.
1:12 of 1st period - Snap shot by Robin Salo.
1:12 of 1st period - Deflect By Landon Slaggert.
1:12 of 1st period - Stopped by Remi Poirier with a rebound.
1:26 of 1st period - Noah Cates is hit by Brad Lambert and loses puck.
1:41 of 1st period - Snap shot by Sean Farrell.
1:41 of 1st period - Shot Blocked by Jett Woo.
2:10 of 1st period - Snap shot by Samuel Walker.
2:10 of 1st period - Shot Misses the Net.
2:38 of 1st period - Jack Rathbone is hit by Nick Cicek and loses puck.
3:13 of 1st period - Cole Reinhardt is hit by Robin Salo.
3:27 of 1st period - William Wallinder is hit by Tyson Hinds and loses puck.
3:44 of 1st period - Slapshot by Jesse Puljujarvi.
3:44 of 1st period - Stopped by Antti Raanta with a rebound.
4:10 of 1st period - Snap shot by Vasili Podkolzin.
4:10 of 1st period - Stopped by Antti Raanta with a rebound.
4:16 of 1st period - Snap shot by Arthur Kaliyev.
4:16 of 1st period - Stopped by Antti Raanta with a rebound.
4:48 of 1st period - Snap shot by Samuel Walker.
4:48 of 1st period - Shot Misses the Net.
5:38 of 1st period - Colton Dach is hit by Tristen Nielsen.
5:44 of 1st period - Daemon Hunt is hit by Jesse Puljujarvi and loses puck.
6:22 of 1st period - Fredrik Olofsson is hit by Lucas Edmonds and loses puck.
6:42 of 1st period - Off-side.
6:43 of 1st period - Brad Lambert wins face-off versus Noah Cates in neutral zone.
7:18 of 1st period - Minor Penalty to Adam Ginning for Holding.
7:19 of 1st period - Noah Cates wins face-off versus Logan Morrison in Sarnia Sailors zone.
7:24 of 1st period - Slapshot by Denis Gurianov.
7:24 of 1st period - Shot Misses the Net.
7:52 of 1st period - Logan Morrison is hit by Sean Farrell and loses puck.
8:31 of 1st period - Wrist shot by Arthur Kaliyev.
8:31 of 1st period - Stopped by Antti Raanta with a rebound.
9:18 of 1st period - Penalty to Adam Ginning is over, Adam Ginning is back on ice.
9:29 of 1st period - Wrist shot by Arthur Kaliyev.
9:29 of 1st period - Deflect By Ryan Suzuki.
9:29 of 1st period - Stopped by Antti Raanta with a rebound.
10:19 of 1st period - Jamie Drysdale is hit by Robin Salo and loses puck.
10:51 of 1st period - Tristen Robins is hit by Antti Saarela and loses puck.
11:38 of 1st period - Tristen Robins is hit by Arthur Kaliyev and loses puck.
11:55 of 1st period - Fredrik Olofsson is hit by Jamie Drysdale and loses puck.
12:32 of 1st period - Tyson Hinds is hit by Daemon Hunt and loses puck.
12:50 of 1st period - Arthur Kaliyev is hit by Daemon Hunt and loses puck.
13:01 of 1st period - Colton Dach is hit by Jett Woo and loses puck.
13:18 of 1st period - Landon Slaggert is hit by Nick Cicek and loses puck.
13:58 of 1st period - Tristen Robins is hit by Logan Morrison and loses puck.
14:31 of 1st period - Jesse Puljujarvi is hit by Colton Dach and loses puck.
14:36 of 1st period - Snap shot by Ryan Suzuki.
14:36 of 1st period - Goal by Ryan Suzuki - Sarnia Sailors : 0 - Adelaide Pink Elephants : 1.
14:37 of 1st period - Noah Cates wins face-off versus Brad Lambert in neutral zone.
14:46 of 1st period - Snap shot by Brad Lambert.
14:46 of 1st period - Shot Misses the Net.
14:52 of 1st period - Declan Chisholm is hit by William Wallinder and loses puck.
15:08 of 1st period - Snap shot by Akil Thomas.
15:08 of 1st period - Shot Misses the Net.
15:10 of 1st period - Snap shot by Akil Thomas.
15:10 of 1st period - Stopped by Remi Poirier without a rebound.
15:11 of 1st period - Jesse Puljujarvi wins face-off versus Fredrik Olofsson in Sarnia Sailors zone.
15:16 of 1st period - Snap shot by Jesse Puljujarvi.
15:16 of 1st period - Shot Blocked by Daemon Hunt.
15:18 of 1st period - Wrist shot by Adam Erne.
15:18 of 1st period - Shot Blocked by Sean Farrell.
15:20 of 1st period - Wrist shot by Adam Erne.
15:20 of 1st period - Shot Misses the Net.
15:22 of 1st period - Slapshot by Jett Woo.
15:22 of 1st period - Shot Misses the Net.
15:26 of 1st period - Wrist shot by Jesse Puljujarvi.
15:26 of 1st period - Stopped by Antti Raanta with a rebound.
15:43 of 1st period - Snap shot by Brad Lambert.
15:43 of 1st period - Goal by Brad Lambert - Sarnia Sailors : 1 - Adelaide Pink Elephants : 1.
15:44 of 1st period - Noah Cates wins face-off versus Arthur Kaliyev in neutral zone.
15:58 of 1st period - Snap shot by Noah Cates.
15:58 of 1st period - Shot Misses the Net.
16:17 of 1st period - Wrist shot by Sean Farrell.
16:17 of 1st period - Stopped by Remi Poirier with a rebound.
16:19 of 1st period - Snap shot by Fredrik Olofsson.
16:19 of 1st period - Stopped by Remi Poirier without a rebound.
16:20 of 1st period - Noah Cates wins face-off versus Tristen Nielsen in Sarnia Sailors zone.
16:33 of 1st period - Wrist shot by Jesse Puljujarvi.
16:33 of 1st period - Deflect By Adam Erne.
16:33 of 1st period - Shot Blocked by Denis Gurianov.
16:33 of 1st period - Puck is out of play.
16:34 of 1st period - Brad Lambert wins face-off versus Fredrik Olofsson in Adelaide Pink Elephants zone.
16:40 of 1st period - Minor Penalty to Ilya Solovyov for Roughing.
16:41 of 1st period - Brad Lambert wins face-off versus Cal Clutterbuck in Adelaide Pink Elephants zone.
16:41 of 1st period - Snap shot by Arthur Kaliyev.
16:41 of 1st period - Stopped by Antti Raanta without a rebound.
16:42 of 1st period - Vasili Podkolzin wins face-off versus Cal Clutterbuck in Adelaide Pink Elephants zone.
16:45 of 1st period - Snap shot by Brad Lambert.
16:45 of 1st period - Deflect By Arthur Kaliyev.
16:45 of 1st period - Shot Misses the Net.
16:45 of 1st period - Puck is out of play.
16:46 of 1st period - Brad Lambert wins face-off versus Cal Clutterbuck in Adelaide Pink Elephants zone.
17:01 of 1st period - Snap shot by Jamie Drysdale.
17:01 of 1st period - Shot Blocked by Nick Cicek.
17:21 of 1st period - Snap shot by Tristen Nielsen.
17:21 of 1st period - Goal by Tristen Nielsen - Sarnia Sailors : 2 - Adelaide Pink Elephants : 1.
17:22 of 1st period - Brad Lambert wins face-off versus Noah Cates in neutral zone.
17:25 of 1st period - Wrist shot by Brad Lambert.
17:25 of 1st period - Stopped by Antti Raanta without a rebound.
17:26 of 1st period - Akil Thomas wins face-off versus Brad Lambert in Adelaide Pink Elephants zone.
17:31 of 1st period - Snap shot by Akil Thomas.
17:31 of 1st period - Shot Misses the Net.
17:33 of 1st period - Backhand shot by Noah Cates.
17:33 of 1st period - Stopped by Remi Poirier without a rebound.
17:34 of 1st period - Brad Lambert wins face-off versus Akil Thomas in Sarnia Sailors zone.
17:41 of 1st period - Snap shot by Brad Lambert.
17:41 of 1st period - Stopped by Antti Raanta with a rebound.
18:03 of 1st period - Snap shot by Samuel Walker.
18:03 of 1st period - Shot Misses the Net.
18:05 of 1st period - Wrist shot by Logan Morrison.
18:05 of 1st period - Stopped by Antti Raanta with a rebound.
18:07 of 1st period - Snap shot by Cole Reinhardt.
18:07 of 1st period - Shot Misses the Net.
18:09 of 1st period - Snap shot by Cole Reinhardt.
18:09 of 1st period - Shot Blocked by Cal Clutterbuck.
18:31 of 1st period - Wrist shot by Landon Slaggert.
18:31 of 1st period - Stopped by Antti Raanta without a rebound.
18:32 of 1st period - Ryan Suzuki wins face-off versus Brad Lambert in Adelaide Pink Elephants zone.
18:32 of 1st period - Ryan Suzuki is hit by Vasili Podkolzin.
18:38 of 1st period - Wrist shot by Tristen Robins.
18:38 of 1st period - Stopped by Remi Poirier with a rebound.
19:02 of 1st period - Snap shot by Fredrik Olofsson.
19:02 of 1st period - Shot Misses the Net.
19:04 of 1st period - Snap shot by Robin Salo.
19:04 of 1st period - Deflect By Fredrik Olofsson.
19:04 of 1st period - Goal by Fredrik Olofsson - Sarnia Sailors : 2 - Adelaide Pink Elephants : 2.
19:05 of 1st period - Noah Cates wins face-off versus Brad Lambert in neutral zone.
19:08 of 1st period - Wrist shot by Cal Clutterbuck.
19:08 of 1st period - Stopped by Remi Poirier without a rebound.
19:09 of 1st period - Brad Lambert wins face-off versus Cal Clutterbuck in Sarnia Sailors zone.
19:24 of 1st period - Snap shot by Noah Cates.
19:24 of 1st period - Shot Misses the Net.
19:36 of 1st period - Daemon Hunt is hit by Declan Chisholm and loses puck.
19:41 of 1st period - Wrist shot by Jesse Puljujarvi.
19:41 of 1st period - Shot Blocked by Daemon Hunt.
19:43 of 1st period - Slapshot by Adam Erne.
19:43 of 1st period - Stopped by Antti Raanta with a rebound.
19:45 of 1st period - Wrist shot by Declan Chisholm.
19:45 of 1st period - Deflect By Tristen Nielsen.
19:45 of 1st period - Stopped by Antti Raanta with a rebound.
Goals for this period are 2 for Sarnia Sailors vs 2 for Adelaide Pink Elephants.
Shots for this period are 16 for Sarnia Sailors vs 10 for Adelaide Pink Elephants.
2nd period
0:01 of 2nd period - Brad Lambert wins face-off versus Noah Cates in neutral zone.
0:03 of 2nd period - Off-side.
0:04 of 2nd period - Noah Cates wins face-off versus Brad Lambert in neutral zone.
0:09 of 2nd period - Wrist shot by Cal Clutterbuck.
0:09 of 2nd period - Deflect By Denis Gurianov.
0:09 of 2nd period - Stopped by Remi Poirier with a rebound.
0:11 of 2nd period - Wrist shot by Ben Gleason.
0:11 of 2nd period - Deflect By Noah Cates.
0:11 of 2nd period - Shot Blocked by Brad Lambert.
0:11 of 2nd period - Puck is out of play.
0:12 of 2nd period - Noah Cates wins face-off versus Brad Lambert in Sarnia Sailors zone.
0:21 of 2nd period - Snap shot by Denis Gurianov.
0:21 of 2nd period - Deflect By Noah Cates.
0:21 of 2nd period - Shot Misses the Net.
0:21 of 2nd period - Puck is out of play.
0:22 of 2nd period - Brad Lambert wins face-off versus Noah Cates in Sarnia Sailors zone.
0:22 of 2nd period - Brad Lambert is hit by Cal Clutterbuck.
0:27 of 2nd period - Off-side.
0:28 of 2nd period - Brad Lambert wins face-off versus Fredrik Olofsson in neutral zone.
0:31 of 2nd period - Wrist shot by Arthur Kaliyev.
0:31 of 2nd period - Stopped by Antti Raanta without a rebound.
0:32 of 2nd period - Brad Lambert wins face-off versus Akil Thomas in Adelaide Pink Elephants zone.
0:33 of 2nd period - Snap shot by Arthur Kaliyev.
0:33 of 2nd period - Deflect By Brad Lambert.
0:33 of 2nd period - Shot Hit the Post.
0:33 of 2nd period - Puck is out of play.
0:34 of 2nd period - Fredrik Olofsson wins face-off versus Brad Lambert in Adelaide Pink Elephants zone.
0:49 of 2nd period - Wrist shot by Fredrik Olofsson.
0:49 of 2nd period - Stopped by Remi Poirier with a rebound.
1:22 of 2nd period - Snap shot by Ryan Suzuki.
1:22 of 2nd period - Stopped by Remi Poirier without a rebound.
1:23 of 2nd period - Logan Morrison wins face-off versus Ryan Suzuki in Sarnia Sailors zone.
1:28 of 2nd period - Robin Salo is hit by Logan Morrison and loses puck.
1:41 of 2nd period - Snap shot by Samuel Walker.
1:41 of 2nd period - Stopped by Antti Raanta with a rebound.
1:43 of 2nd period - Backhand shot by Jett Woo.
1:43 of 2nd period - Shot Blocked by William Wallinder.
1:45 of 2nd period - Wrist shot by Samuel Walker.
1:45 of 2nd period - Stopped by Antti Raanta with a rebound.
1:47 of 2nd period - Slapshot by Samuel Walker.
1:47 of 2nd period - Stopped by Antti Raanta without a rebound.
1:48 of 2nd period - Brad Lambert wins face-off versus Noah Cates in Adelaide Pink Elephants zone.
2:01 of 2nd period - Jamie Drysdale is hit by Cal Clutterbuck.
2:26 of 2nd period - Slapshot by Fredrik Olofsson.
2:26 of 2nd period - Stopped by Remi Poirier without a rebound.
2:27 of 2nd period - Ryan Suzuki wins face-off versus Logan Morrison in Sarnia Sailors zone.
2:28 of 2nd period - Snap shot by Colton Dach.
2:28 of 2nd period - Stopped by Remi Poirier without a rebound.
2:29 of 2nd period - Samuel Walker wins face-off versus Ryan Suzuki in Sarnia Sailors zone.
2:29 of 2nd period - Samuel Walker is hit by Ryan Suzuki.
3:18 of 2nd period - Slapshot by Fredrik Olofsson.
3:18 of 2nd period - Shot Misses the Net.
3:20 of 2nd period - Slapshot by William Wallinder.
3:20 of 2nd period - Stopped by Remi Poirier without a rebound.
3:21 of 2nd period - Tristen Nielsen wins face-off versus Noah Cates in Sarnia Sailors zone.
3:49 of 2nd period - Slapshot by Tyson Hinds.
3:49 of 2nd period - Shot Blocked by Daemon Hunt.
3:51 of 2nd period - Wrist shot by Brad Lambert.
3:51 of 2nd period - Deflect By Akil Thomas.
3:51 of 2nd period - Stopped by Antti Raanta without a rebound.
3:52 of 2nd period - Fredrik Olofsson wins face-off versus Brad Lambert in Adelaide Pink Elephants zone.
4:19 of 2nd period - Adam Erne is hit by Colton Dach and loses puck.
4:48 of 2nd period - Snap shot by Cal Clutterbuck.
4:48 of 2nd period - Deflect By Denis Gurianov.
4:48 of 2nd period - Shot Misses the Net.
4:48 of 2nd period - Puck is out of play.
4:49 of 2nd period - Brad Lambert wins face-off versus Akil Thomas in Sarnia Sailors zone.
4:56 of 2nd period - Slapshot by Jamie Drysdale.
4:56 of 2nd period - Stopped by Antti Raanta with a rebound.
4:58 of 2nd period - Backhand shot by Arthur Kaliyev.
4:58 of 2nd period - Stopped by Antti Raanta with a rebound.
5:00 of 2nd period - Slapshot by Arthur Kaliyev.
5:00 of 2nd period - Sarnia Sailors goal is going for a video replay.
5:00 of 2nd period - The goal is refused. The puck has been kicked using a distinct kicking motion..
5:01 of 2nd period - Arthur Kaliyev wins face-off versus Cal Clutterbuck in Adelaide Pink Elephants zone.
5:05 of 2nd period - Icing by Ilya Solovyov.
5:06 of 2nd period - Noah Cates wins face-off versus Brad Lambert in Adelaide Pink Elephants zone.
5:19 of 2nd period - Snap shot by Akil Thomas.
5:19 of 2nd period - Shot Blocked by Declan Chisholm.
5:21 of 2nd period - Snap shot by Cal Clutterbuck.
5:21 of 2nd period - Stopped by Remi Poirier without a rebound.
5:22 of 2nd period - Ryan Suzuki wins face-off versus Tristen Nielsen in Sarnia Sailors zone.
5:49 of 2nd period - Jack Rathbone is hit by Noah Cates.
5:53 of 2nd period - Snap shot by Arthur Kaliyev.
5:53 of 2nd period - Stopped by Antti Raanta with a rebound.
7:07 of 2nd period - Wrist shot by Samuel Walker.
7:07 of 2nd period - Shot Blocked by Noah Cates.
7:50 of 2nd period - Snap shot by Samuel Walker.
7:50 of 2nd period - Shot Hit the Post.
8:44 of 2nd period - Snap shot by Jesse Puljujarvi.
8:44 of 2nd period - Stopped by Antti Raanta with a rebound.
9:22 of 2nd period - Snap shot by Landon Slaggert.
9:22 of 2nd period - Stopped by Antti Raanta without a rebound.
9:23 of 2nd period - Antti Saarela wins face-off versus Cal Clutterbuck in Adelaide Pink Elephants zone.
9:26 of 2nd period - Wrist shot by Antti Saarela.
9:26 of 2nd period - Shot Misses the Net.
9:28 of 2nd period - Slapshot by Jett Woo.
9:28 of 2nd period - Stopped by Antti Raanta without a rebound.
9:29 of 2nd period - Arthur Kaliyev wins face-off versus Fredrik Olofsson in Adelaide Pink Elephants zone.
9:32 of 2nd period - Wrist shot by Arthur Kaliyev.
9:32 of 2nd period - Stopped by Antti Raanta without a rebound.
9:33 of 2nd period - Brad Lambert wins face-off versus Fredrik Olofsson in Adelaide Pink Elephants zone.
9:51 of 2nd period - Minor Penalty to Vasili Podkolzin for Tripping.
9:52 of 2nd period - Logan Morrison wins face-off versus Fredrik Olofsson in Sarnia Sailors zone.
10:04 of 2nd period - Snap shot by Akil Thomas.
10:04 of 2nd period - Deflect By Sean Farrell.
10:04 of 2nd period - Goal by Sean Farrell - Sarnia Sailors : 2 - Adelaide Pink Elephants : 3.
10:05 of 2nd period - Brad Lambert wins face-off versus Akil Thomas in neutral zone.
11:09 of 2nd period - Backhand shot by Lucas Edmonds.
11:09 of 2nd period - Shot Blocked by Sean Farrell.
11:11 of 2nd period - Snap shot by Landon Slaggert.
11:11 of 2nd period - Goal by Landon Slaggert - Sarnia Sailors : 3 - Adelaide Pink Elephants : 3.
11:12 of 2nd period - Cal Clutterbuck wins face-off versus Brad Lambert in neutral zone.
11:15 of 2nd period - Snap shot by Noah Cates.
11:15 of 2nd period - Goal by Noah Cates - Sarnia Sailors : 3 - Adelaide Pink Elephants : 4.
11:16 of 2nd period - Akil Thomas wins face-off versus Brad Lambert in neutral zone.
11:27 of 2nd period - Slapshot by Jamie Drysdale.
11:27 of 2nd period - Stopped by Antti Raanta without a rebound.
11:28 of 2nd period - Noah Cates wins face-off versus Brad Lambert in Adelaide Pink Elephants zone.
11:39 of 2nd period - Snap shot by Noah Cates.
11:39 of 2nd period - Shot Misses the Net.
11:41 of 2nd period - Backhand shot by Ilya Solovyov.
11:41 of 2nd period - Stopped by Remi Poirier with a rebound.
12:03 of 2nd period - Slapshot by Adam Erne.
12:03 of 2nd period - Shot Misses the Net.
12:15 of 2nd period - Snap shot by Ryan Suzuki.
12:15 of 2nd period - Shot Hit the Post.
12:18 of 2nd period - Icing by Declan Chisholm.
12:19 of 2nd period - Ryan Suzuki wins face-off versus Logan Morrison in Sarnia Sailors zone.
12:34 of 2nd period - Snap shot by Samuel Walker.
12:34 of 2nd period - Shot Misses the Net.
12:36 of 2nd period - Snap shot by Cole Reinhardt.
12:36 of 2nd period - Shot Misses the Net.
12:38 of 2nd period - Slapshot by Cole Reinhardt.
12:38 of 2nd period - Shot Misses the Net.
12:40 of 2nd period - Wrist shot by Jamie Drysdale.
12:40 of 2nd period - Shot Blocked by Robin Salo.
12:46 of 2nd period - Snap shot by Samuel Walker.
12:46 of 2nd period - Deflect By Logan Morrison.
12:46 of 2nd period - Shot Misses the Net.
12:46 of 2nd period - Puck is out of play.
12:47 of 2nd period - Noah Cates wins face-off versus Brad Lambert in Adelaide Pink Elephants zone.
12:58 of 2nd period - Slapshot by Daemon Hunt.
12:58 of 2nd period - Deflect By Arthur Kaliyev.
12:58 of 2nd period - Stopped by Remi Poirier with a rebound.
13:20 of 2nd period - Minor Penalty to Jesse Puljujarvi for Hooking.
13:21 of 2nd period - Logan Morrison wins face-off versus Noah Cates in Sarnia Sailors zone.
15:20 of 2nd period - Penalty to Jesse Puljujarvi is over, Jesse Puljujarvi is back on ice.
15:38 of 2nd period - Wrist shot by Ryan Suzuki.
15:38 of 2nd period - Stopped by Remi Poirier with a rebound.
15:40 of 2nd period - Slapshot by Tristen Robins.
15:40 of 2nd period - Deflect By Colton Dach.
15:40 of 2nd period - Shot Blocked by Adam Erne.
15:40 of 2nd period - Puck is out of play.
15:41 of 2nd period - Ryan Suzuki wins face-off versus Antti Saarela in Sarnia Sailors zone.
15:56 of 2nd period - Nick Cicek is hit by Antti Saarela and loses puck.
16:11 of 2nd period - Jett Woo is hit by Akil Thomas and loses puck.
16:14 of 2nd period - Wrist shot by Samuel Walker.
16:14 of 2nd period - Stopped by Antti Raanta without a rebound.
16:15 of 2nd period - Noah Cates wins face-off versus Brad Lambert in Adelaide Pink Elephants zone.
16:22 of 2nd period - Denis Gurianov is hit by Adam Ginning and loses puck.
16:57 of 2nd period - Daemon Hunt is hit by Adam Ginning and loses puck.
17:30 of 2nd period - Lucas Edmonds is hit by Ryan Suzuki and loses puck.
17:47 of 2nd period - Brad Lambert is hit by Fredrik Olofsson and loses puck.
18:06 of 2nd period - Fredrik Olofsson is hit by Jesse Puljujarvi and loses puck.
18:46 of 2nd period - Wrist shot by Samuel Walker.
18:46 of 2nd period - Stopped by Antti Raanta with a rebound.
18:48 of 2nd period - Slapshot by Tyson Hinds.
18:48 of 2nd period - Deflect By Logan Morrison.
18:48 of 2nd period - Shot Misses the Net.
18:48 of 2nd period - Puck is out of play.
18:49 of 2nd period - Fredrik Olofsson wins face-off versus Tristen Nielsen in Adelaide Pink Elephants zone.
19:06 of 2nd period - Minor Penalty to Declan Chisholm for Tripping.
19:07 of 2nd period - Fredrik Olofsson wins face-off versus Logan Morrison in Sarnia Sailors zone.
19:20 of 2nd period - Akil Thomas is hit by Logan Morrison and loses puck.
Goals for this period are 1 for Sarnia Sailors vs 2 for Adelaide Pink Elephants.
Shots for this period are 17 for Sarnia Sailors vs 12 for Adelaide Pink Elephants.
3rd period
0:01 of 3rd period - Logan Morrison wins face-off versus Fredrik Olofsson in neutral zone.
0:14 of 3rd period - Jamie Drysdale is hit by Akil Thomas and loses puck.
1:06 of 3rd period - Penalty to Declan Chisholm is over, Declan Chisholm is back on ice.
1:17 of 3rd period - William Wallinder is hit by Vasili Podkolzin and loses puck.
1:34 of 3rd period - Tyson Hinds is hit by Noah Cates and loses puck.
1:41 of 3rd period - Wrist shot by Noah Cates.
1:41 of 3rd period - Shot Blocked by Adam Ginning.
1:43 of 3rd period - Wrist shot by Noah Cates.
1:43 of 3rd period - Stopped by Remi Poirier with a rebound.
1:55 of 3rd period - Adam Ginning is hit by Cal Clutterbuck and loses puck.
3:20 of 3rd period - Snap shot by Samuel Walker.
3:20 of 3rd period - Shot Misses the Net.
3:22 of 3rd period - Wrist shot by Logan Morrison.
3:22 of 3rd period - Stopped by Antti Raanta with a rebound.
3:44 of 3rd period - Cal Clutterbuck is hit by Adam Erne and loses puck.
3:55 of 3rd period - Denis Gurianov is hit by Antti Saarela.
4:19 of 3rd period - Ville Heinola is hit by Arthur Kaliyev and loses puck.
4:40 of 3rd period - Snap shot by Samuel Walker.
4:40 of 3rd period - Shot Blocked by Ben Gleason.
4:50 of 3rd period - Ben Gleason is hit by Jett Woo and loses puck.
5:30 of 3rd period - Snap shot by Vasili Podkolzin.
5:30 of 3rd period - Stopped by Antti Raanta with a rebound.
5:54 of 3rd period - Sean Farrell is hit by Cole Reinhardt and loses puck.
6:18 of 3rd period - Jamie Drysdale is hit by Robin Salo and loses puck.
7:09 of 3rd period - Sean Farrell is hit by Jett Woo and loses puck.
7:20 of 3rd period - Snap shot by Samuel Walker.
7:20 of 3rd period - Stopped by Antti Raanta without a rebound.
7:21 of 3rd period - Noah Cates wins face-off versus Brad Lambert in Adelaide Pink Elephants zone.
7:32 of 3rd period - Snap shot by Jesse Puljujarvi.
7:32 of 3rd period - Deflect By Noah Cates.
7:32 of 3rd period - Shot Misses the Net.
7:32 of 3rd period - Puck is out of play.
7:33 of 3rd period - Noah Cates wins face-off versus Tristen Nielsen in Adelaide Pink Elephants zone.
7:54 of 3rd period - Wrist shot by Arthur Kaliyev.
7:54 of 3rd period - Goal by Arthur Kaliyev - Sarnia Sailors : 4 - Adelaide Pink Elephants : 4.
7:55 of 3rd period - Brad Lambert wins face-off versus Akil Thomas in neutral zone.
8:32 of 3rd period - Wrist shot by Ryan Suzuki.
8:32 of 3rd period - Shot Blocked by Jamie Drysdale.
8:34 of 3rd period - Slapshot by Robin Salo.
8:34 of 3rd period - Stopped by Remi Poirier with a rebound.
8:36 of 3rd period - Slapshot by William Wallinder.
8:36 of 3rd period - Shot Blocked by Declan Chisholm.
8:48 of 3rd period - Wrist shot by Akil Thomas.
8:48 of 3rd period - Stopped by Remi Poirier without a rebound.
8:49 of 3rd period - Fredrik Olofsson wins face-off versus Logan Morrison in Sarnia Sailors zone.
8:52 of 3rd period - Slapshot by Sean Farrell.
8:52 of 3rd period - Stopped by Remi Poirier with a rebound.
9:06 of 3rd period - Ben Gleason is hit by Cole Reinhardt and loses puck.
9:15 of 3rd period - Nick Cicek is hit by Jett Woo and loses puck.
9:32 of 3rd period - Snap shot by Colton Dach.
9:32 of 3rd period - Goal by Colton Dach - Sarnia Sailors : 4 - Adelaide Pink Elephants : 5.
9:33 of 3rd period - Akil Thomas wins face-off versus Brad Lambert in neutral zone.
10:09 of 3rd period - Robin Salo is hit by Jamie Drysdale and loses puck.
10:12 of 3rd period - Minor Penalty to Tristen Nielsen for Tripping.
10:13 of 3rd period - Noah Cates wins face-off versus Logan Morrison in Sarnia Sailors zone.
10:14 of 3rd period - Snap shot by Cal Clutterbuck.
10:14 of 3rd period - Deflect By Denis Gurianov.
10:14 of 3rd period - Shot Misses the Net.
10:14 of 3rd period - Puck is out of play.
10:15 of 3rd period - Logan Morrison wins face-off versus Noah Cates in Sarnia Sailors zone.
10:26 of 3rd period - Snap shot by Adam Erne.
10:26 of 3rd period - Stopped by Antti Raanta with a rebound.
12:12 of 3rd period - Penalty to Tristen Nielsen is over, Tristen Nielsen is back on ice.
12:56 of 3rd period - Slapshot by Vasili Podkolzin.
12:56 of 3rd period - Shot Misses the Net.
12:58 of 3rd period - Slapshot by Tyson Hinds.
12:58 of 3rd period - Stopped by Antti Raanta without a rebound.
12:59 of 3rd period - Brad Lambert wins face-off versus Ryan Suzuki in Adelaide Pink Elephants zone.
14:16 of 3rd period - William Wallinder is hit by Jamie Drysdale and loses puck.
14:27 of 3rd period - Slapshot by Samuel Walker.
14:27 of 3rd period - Stopped by Antti Raanta with a rebound.
14:29 of 3rd period - Wrist shot by Logan Morrison.
14:29 of 3rd period - Stopped by Antti Raanta with a rebound.
14:54 of 3rd period - Snap shot by Lucas Edmonds.
14:54 of 3rd period - Shot Blocked by Colton Dach.
15:36 of 3rd period - Francesco Pinelli is hit by Brad Lambert and loses puck.
16:32 of 3rd period - Arthur Kaliyev is hit by Ryan Suzuki and loses puck.
16:51 of 3rd period - Declan Chisholm is hit by Francesco Pinelli and loses puck.
17:04 of 3rd period - Icing by Noah Cates.
17:05 of 3rd period - Ryan Suzuki wins face-off versus Arthur Kaliyev in Adelaide Pink Elephants zone.
17:07 of 3rd period - Icing by Noah Cates.
17:08 of 3rd period - Ryan Suzuki wins face-off versus Logan Morrison in Adelaide Pink Elephants zone.
17:21 of 3rd period - Snap shot by Denis Gurianov.
17:21 of 3rd period - Stopped by Remi Poirier with a rebound.
17:41 of 3rd period - Wrist shot by Brad Lambert.
17:41 of 3rd period - Shot Blocked by Robin Salo.
17:43 of 3rd period - Slapshot by Jack Rathbone.
17:43 of 3rd period - Shot Blocked by Robin Salo.
17:53 of 3rd period - Tyson Hinds is hit by Noah Cates and loses puck.
18:51 of 3rd period - Sarnia Sailors, Remi Poirier is pulled from the net.
18:51 of 3rd period - Snap shot by Jamie Drysdale.
18:51 of 3rd period - Deflect By Arthur Kaliyev.
18:51 of 3rd period - Stopped by Antti Raanta with a rebound.
18:59 of 3rd period - Snap shot by Cal Clutterbuck.
18:59 of 3rd period - Goal by Cal Clutterbuck - Sarnia Sailors : 4 - Adelaide Pink Elephants : 6.
18:59 of 3rd period - Remi Poirier from Sarnia Sailors was sent back in the game.
19:00 of 3rd period - Samuel Walker wins face-off versus Noah Cates in neutral zone.
19:27 of 3rd period - Ilya Solovyov is hit by Tristen Nielsen.
19:45 of 3rd period - Wrist shot by Ilya Solovyov.
19:45 of 3rd period - Stopped by Remi Poirier with a rebound.
Goals for this period are 1 for Sarnia Sailors vs 2 for Adelaide Pink Elephants.
Shots for this period are 9 for Sarnia Sailors vs 8 for Adelaide Pink Elephants.
Back to the Top